 Dungeon Crawl Stone Soup version 0.29.0-4-gdea44cf6ec (webtiles) character file.

Game seed: 8723371134424041295

315 qw the Chopper (level 6, 0/35 HPs)
             Began as a Tengu Warper on Aug 28, 2022.
             Succumbed to Terence's poison
             ... on level 3 of the Dungeon.
             The game lasted 00:00:15 (3385 turns).

qw the Chopper (Tengu Warper)                       Turns: 3385, Time: 00:00:16

Health: 0/35       AC:  8    Str: 14    XL:     6   Next: 43%
Magic:  10/10      EV:  7    Int: 13    God:
Gold:   133        SH:  0    Dex: 13    Spells: 9/9 levels left

rFire   . . .      SeeInvis .   Y - +0 hand axe
rCold   . . .      Faith    .   (no shield)
rNeg    . . .      Spirit   .   i - +0 chain mail
rPois   .          Reflect  .   (helmet restricted)
rElec   .          Harm     .   (no cloak)
rCorr   .          Rampage  .   (no gloves)
Will    .....                   (boots unavailable)
Stlth   ..........              n - amulet of the acrobat
HPRegen 0.11/turn               (no ring)
MPRegen 0.12/turn               (no ring)

@: lethally poisoned (0 -> -33), flying quickly and evasively, quick
A: beak, talons 3, nimble flight
a: no special abilities


You were on level 3 of the Dungeon.
You visited 1 branch of the dungeon, and saw 3 of its levels.

You collected 133 gold pieces.


Innate Abilities, Weirdness & Mutations

You have a beak for a mouth.
You have claws for feet.
Your magical nature lets you fly swiftly and evasively.


   Skills:
 - Level 2.0 Fighting
 - Level 7.2 Axes
 - Level 1.0 Throwing
 + Level 1.4 Armour
 - Level 2.1 Dodging
 - Level 2.0 Spellcasting
 - Level 2.4 Translocations


You had 9 spell levels left.
You didn't know any spells.
Your spell library contained the following spells:

 Spells                   Type           Power      Damage    Failure   Level
 Blink                    Tloc           14%        N/A       99%         2
 Gell's Gravitas          Tloc           7%         N/A       100%        3
 Lesser Beckoning         Tloc           7%         N/A       100%        3
 Teleport Other           Tloc           7%         N/A       100%        3
 Manifold Assault         Tloc           7%         N/A       100%        5

Inventory:

Hand Weapons
 b - a +0 mace
 Y - a +0 hand axe (weapon)
Armour
 i - a +0 chain mail (worn)
Jewellery
 n - an amulet of the acrobat (around neck)
Scrolls
 f - a scroll of enchant weapon {unknown}
 g - a scroll of torment {unknown}
Potions
 a - a potion of haste
 c - a potion of invisibility {unknown}
 d - a potion of magic {unknown}
 e - a potion of attraction {unknown}
 j - a potion of curing {unknown}

Dungeon Overview and Level Annotations

Branches:
Dungeon (3/15)

Altars:

Annotations:
D:3 Terence


Message History

Terence the Incautious comes into view.
He is wielding a +1 trident of venom and wearing a +1 scale mail of fire resistance.
Terence shouts!
Terence says, "Did you write a will?
You should..."
You see here 12 gold pieces.
3374 ||| Stepping ~*~*~tactically~*~*~ (hiding).
You start waiting.
Terence is nearby!
Terence says, "Don't bother to defend, it's useless."
Terence barely misses you. Terence closely misses you.
You hit Terence but do no damage. You claw Terence. You peck Terence.
Terence is lightly wounded.
Terence hits you with a +1 trident of venom.
You hit Terence. Your kick misses Terence.
Terence is heavily wounded.
Terence barely misses you.
You hit Terence but do no damage. Your kick misses Terence.
Terence is heavily wounded.
You hit Terence.
Terence is heavily wounded.
Terence hits you with a +1 trident of venom.
You are poisoned.
You hit Terence. Your kick misses Terence.
Terence is severely wounded.
You feel very sick.
Terence hits you with a +1 trident of venom.
You are lethally poisoned!
You hit Terence but do no damage.
Terence is severely wounded.
You feel very sick.
Terence hits you with a +1 trident of venom.
You are more poisoned.
You hit Terence.
Terence is almost dead.
You feel very sick.
Terence hits you with a +1 trident of venom.
You are more poisoned.
You hit Terence but do no damage. Your peck misses Terence.
Terence is almost dead.
You die...

#......# #....%..
####......#
#...#'##...
#######.....##...
#....##...####...
#....#...#####%..
######..$...###.......
#...@@....:...#.......
#.####.>...........[..
...#.>...#.#.......
#.........#.#.......
#####.#####.#.......
... ###.#### #... ..


You could see Terence.

Vanquished Creatures
  Sigmund (D:3)
  Jessica (D:3)
  2 orc wizards (D:2)
  2 adders
  A worm (D:2)
  2 orcs
  4 ball pythons
  8 endoplasms
  3 giant cockroaches
  4 goblins
  2 hobgoblins
  3 jackals (D:1)
  2 quokkas
  6 bats
  A frilled lizard (D:1)
  4 kobolds
  2 rats (D:1)
48 creatures vanquished.

Notes
Turn   | Place    | Note
-------+----------+-------------------------------------------
     0 | D:1      | qw the Tengu Warper began the quest for the Orb.
     0 | D:1      | Reached XP level 1. HP: 12/12 MP: 4/4
     0 | D:1      | 0 ||| qw: Version: 0.1-a-89-g26bdef1
     0 | D:1      | 0 ||| qw: Game counter: 2363
     0 | D:1      | 0 ||| qw: Always use a shield: true
     0 | D:1      | 0 ||| qw: God list: Okawaru
     0 | D:1      | 0 ||| qw: Allow faded altars: false
     0 | D:1      | 0 ||| qw: Do Orc after D:15 true
     0 | D:1      | 0 ||| qw: Do second Lair branch before Depths: true
     0 | D:1      | 0 ||| qw: Lair rune preference: random
     0 | D:1      | 0 ||| qw: Plans: Normal
     0 | D:1      | 0 ||| PLANNING D:1-11
    48 | D:1      | 48 ||| Stepping ~*~*~tactically~*~*~ (stealth).
    49 | D:1      | 49 ||| Stepping ~*~*~tactically~*~*~ (stealth).
    53 | D:1      | 53 ||| Stepping ~*~*~tactically~*~*~ (stealth).
   408 | D:1      | Reached skill level 3 in Axes
   408 | D:1      | Reached XP level 2. HP: 17/17 MP: 6/6
   488 | D:1      | 488 ||| Stepping ~*~*~tactically~*~*~ (stealth).
   493 | D:1      | 493 ||| Stepping ~*~*~tactically~*~*~ (stealth).
   505 | D:1      | HP: 4/17 [jackal (2)]
   518 | D:1      | 518 ||| Stepping ~*~*~tactically~*~*~ (stealth).
   519 | D:1      | 519 ||| Stepping ~*~*~tactically~*~*~ (stealth).
   528 | D:1      | 528 ||| Stepping ~*~*~tactically~*~*~ (stealth).
   528 | D:1      | Found a faded altar of an unknown god.
   529 | D:1      | 529 ||| Stepping ~*~*~tactically~*~*~ (stealth).
   534 | D:1      | 534 ||| Stepping ~*~*~tactically~*~*~ (stealth).
   535 | D:1      | 535 ||| Stepping ~*~*~tactically~*~*~ (stealth).
   540 | D:1      | 540 ||| Stepping ~*~*~tactically~*~*~ (stealth).
   544 | D:1      | 544 ||| Stepping ~*~*~tactically~*~*~ (stealth).
   546 | D:1      | 546 ||| Stepping ~*~*~tactically~*~*~ (stealth).
   548 | D:1      | 548 ||| Stepping ~*~*~tactically~*~*~ (stealth).
   592 | D:1      | 592 ||| Stepping ~*~*~tactically~*~*~ (stealth).
  1179 | D:1      | Reached XP level 3. HP: 14/21 MP: 7/7
  1369 | D:1      | 1369 ||| READING scroll labelled KUTZUA ETHRUE.
  1370 | D:1      | 1370 ||| READING scroll labelled OGAONI GIWUCEG.
  1371 | D:1      | 1371 ||| DROPPING scroll of blinking.
  1837 | D:2      | Reached skill level 4 in Axes
  1960 | D:2      | Identified the +5 spear of Ylyasher {flame, rF+ Dex+2}
  1961 | D:2      | 1961 ||| Stepping ~*~*~tactically~*~*~ (stealth).
  2393 | D:2      | 2393 ||| UPGRADING to +0 scale mail.
  2403 | D:2      | 2403 ||| DROPPING +0 leather armour.
  2404 | D:2      | 2404 ||| UPGRADING to +0 chain mail.
  2414 | D:2      | 2414 ||| DROPPING +0 scale mail.
  2415 | D:2      | 2415 ||| UPGRADING to amulet of the acrobat.
  2420 | D:2      | 2420 ||| READING 2 scrolls labelled DOCSAZ OTSECK.
  2423 | D:2      | 2423 ||| READING scroll labelled EPNEGED MUACHOM.
  2424 | D:2      | 2424 ||| READING scroll labelled YMYOLL CEEWN.
  2425 | D:2      | 2425 ||| READING scroll labelled GAPNAMM WOVA.
  2426 | D:2      | 2426 ||| DRINKING 2 metallic emerald potions.
  2427 | D:2      | 2427 ||| DRINKING 2 fuming coppery potions.
  2480 | D:2      | 2480 ||| DROPPING potion of lignification.
  2524 | D:3      | 2524 ||| STAIRDANCE
  2533 | D:2      | Reached XP level 4. HP: 22/26 MP: 8/8
  2576 | D:3      | 2576 ||| STAIRDANCE
  2582 | D:2      | HP: 6/26 [worm (8)]
  2583 | D:2      | Reached skill level 5 in Axes
  2583 | D:2      | 2583 ||| READING scroll of teleportation.
  2586 | D:2      | 2586 ||| FLEEEEING.
  2587 | D:2      | 2587 ||| FLEEEEING.
  2588 | D:2      | 2588 ||| FLEEEEING.
  2589 | D:2      | 2589 ||| FLEEEEING.
  2590 | D:2      | 2590 ||| FLEEEEING.
  2591 | D:2      | 2591 ||| FLEEEEING.
  2592 | D:2      | 2592 ||| FLEEEEING.
  2593 | D:2      | 2593 ||| FLEEEEING.
  2594 | D:2      | 2594 ||| FLEEEEING.
  2601 | D:2      | 2601 ||| STAIRDANCE
  2855 | D:2      | 2855 ||| DROPPING +0 club.
  2865 | D:3      | 2865 ||| STAIRDANCE
  3015 | D:3      | Noticed Jessica
  3016 | D:3      | 3016 ||| Stepping ~*~*~tactically~*~*~ (hiding).
  3021 | D:3      | 3021 ||| Stepping ~*~*~tactically~*~*~ (hiding).
  3028 | D:3      | Killed Jessica
  3029 | D:3      | Gained mutation: Your magical nature lets you fly swiftly
                  | and evasively. [Tengu growth]
  3029 | D:3      | Reached XP level 5. HP: 28/30 MP: 9/9
  3112 | D:3      | Noticed Sigmund
  3125 | D:3      | Killed Sigmund
  3126 | D:3      | Reached skill level 7 in Axes
  3126 | D:3      | Reached XP level 6. HP: 20/35 MP: 10/10
  3132 | D:3      | 3132 ||| Stepping ~*~*~tactically~*~*~ (stealth).
  3133 | D:3      | 3133 ||| Stepping ~*~*~tactically~*~*~ (stealth).
  3152 | D:3      | 3152 ||| Stepping ~*~*~tactically~*~*~ (stealth).
  3373 | D:3      | Noticed Terence
  3374 | D:3      | 3374 ||| Stepping ~*~*~tactically~*~*~ (hiding).
  3384 | D:3      | HP: 7/35 [Terence/+1 trident of venom (3)]
  3385 | D:3      | Succumbed to Terence's poison

Levels and vault maps discovered:
D:1:      shiori_arrival_elements, layout_basic,
          hellmonk_ecumenical_altar_pennies_from_heaven
D:2:      layout_basic
D:3:      layout_basic, nicolae_overflow_crystal_walls, vehumet_statue,
          chequers_temple_overflow_minitemple, uniq_jessica, uniq_sigmund,
          uniq_terence

Skill      XL: |  1  2  3  4  5 |
---------------+----------------+-----
Axes           | 3 4 5 7 |  7.2
Fighting       | |  2.0
Throwing       | |  1.0
Armour         | |  1.4
Dodging        | |  2.1
Spellcasting   | |  2.0
Translocations | |  2.4

Action                   |  1- 3 |  4- 6 || total
-------------------------+-------+-------++-------
Melee: Hand axe          |    71 |    58 ||   129
       Kick              |    14 |    16 ||    30
       Peck              |    10 |    10 ||    20
       Punch             |       |     2 ||     2
Throw: Boomerang         |     7 |       ||     7
  Use: Scroll            |     6 |     1 ||     7
       Potion            |     2 |       ||     2
Armor: Leather armour    |    15 |       ||    15
       Chain mail        |     3 |    26 ||    29
Dodge: Dodged            |    32 |    26 ||    58

Table legend:
 A = Non-vault XP
 B = Vault XP
 C = Vault XP percentage of total XP
 D = Non-vault monster count
 E = Vault monster count
 F = Vault count percentage of total count
                 A         B        C        D         E       F
            +---------+---------+-------+---------+---------+-------
      Total |     174 |     276 |  61.3 |      46 |       2 |   4.2
            +---------+---------+-------+---------+---------+-------
        D:1 |      34 |       0 |   0.0 |      21 |       0 |   0.0
        D:2 |     110 |       0 |   0.0 |      16 |       0 |   0.0
        D:3 |      30 |     276 |  90.2 |       9 |       2 |  18.2
            +---------+---------+-------+---------+---------+-------
